 Dungeon Crawl Stone Soup version 0.24.0-123-gd5b16e6ec5 (webtiles) character file.

Game seed: 9361779788750902593, levelgen mode: deterministic

7 glosham the Skirmisher (level 1, -1/18 HPs)
             Began as a Mummy Abyssal Knight on Dec 25, 2019.
             Was a Follower of Lugonu.
             Slain by a thrashing horror (11 damage)
             ... on level 2 of the Abyss.
             The game lasted 00:03:49 (150 turns).

glosham the Skirmisher (Mummy Abyssal Knight)        Turns: 150, Time: 00:03:49

Health: -1/18      AC:  4    Str: 15    XL:     1   Next: 83%
Magic:  2/2        EV: 11    Int: 11    God:    Lugonu [*.....]
Gold:   46         SH:  0    Dex: 11    Spells: 0/0 levels left

rFire    x . .     SeeInvis .   a - +1 hand axe
rCold    + . .     Gourm    .   (no shield)
rNeg     + + +     Faith    .   b - +1 leather armour
rPois    ∞         Spirit   .   (no helmet)
rElec    .         Reflect  .   (no cloak)
rCorr    .         Harm     .   (no gloves)
MR       .....                  (no boots)
Stlth    +.........             (no amulet)
HPRegen  0.06/turn              (no ring)
MPRegen  0.08/turn              (no ring)

@: no status effects
A: no food or potions, fire vulnerability, cold resistance 1, negative energy
resistance 3, torment resistance, unbreathing
a: Depart the Abyss, Renounce Religion


You were on level 2 of the Abyss.
You worshipped Lugonu.
Lugonu was aware of your devotion.
You were not hungry.

You visited 0 branches of the dungeon, and saw 0 of its levels.
You visited the Abyss 1 time.

You collected 46 gold pieces.

Inventory:

Hand Weapons
 a - a +1 hand axe (weapon)
Armour
 b - a +1 leather armour (worn)


   Skills:
 - Level 3.0 Fighting
 * Level 2.1 Axes
 - Level 1.5 Armour
 - Level 0.7 Dodging
 - Level 1.5 Invocations


You couldn't memorise any spells.
You didn't know any spells.
Your spell library was empty.

Dungeon Overview and Level Annotations

Branches:
Dungeon (0/15)

Altars:


Innate Abilities, Weirdness & Mutations

You do not eat or drink.
Your flesh is vulnerable to fire.
You are immune to poison.
Your flesh is cold resistant. (rC+)
You are immune to negative energy. (rN+++)
You are immune to unholy pain and torment.
You can survive without breathing.


Message History

The white imp hits you but does no damage.
You hit the white imp.
The white imp is severely wounded.
The white imp gestures at you. The puff of frost hits you. You resist.
You hit the white imp.
You kill the white imp!
Your Axes skill increases to level 2!
You plunge deeper into the Abyss.
Found a scroll labeled MIRIH CEQUSMOH.
Found a scroll labeled REAMNEWN FINO.
You see here a scroll labeled MIRIH CEQUSMOH.
c - a scroll labeled MIRIH CEQUSMOH
Found 18 arrows.
You see here a scroll labeled REAMNEWN FINO.
Found a bubbling black potion.
You see here 18 arrows.
As you read the scroll labeled MIRIH CEQUSMOH, it crumbles to dust.
It is a scroll of enchant armour.
Your +0 leather armour glows green for a moment.
Found a scroll labeled IKODWIR MUFAIL.
The iron imp shouts, "Run away, thou worthless musty wrapping tissue!"
You see here a scroll labeled IKODWIR MUFAIL.
As you read the scroll labeled IKODWIR MUFAIL, it crumbles to dust.
It is a scroll of amnesia.
You feel forgetful for a moment.
Found 46 gold pieces.
You see here 46 gold pieces.
You now have 46 gold pieces.
The iron imp shouts, "Return whence thou came, thou quaking fraying nightsoil!"
Found 63 gold pieces.
Found 24 stones.
A small abomination comes into view. x2
The small abomination closely misses you.
A thrashing horror comes into view.
The thrashing horror roars!
The small abomination hits you. The thrashing horror tramples you!
Ouch! That really hurt!
You die...

. # ## #
...### #
## #.
####.## #.
#...##
###.## #.#
##.#
....####x#
#....x#
#..##.X.#
#.#@#
#........#
##.......#
#....####
#.##. ..#
.. .#. ##
#


You could see a thrashing horror and 2 small abominations.

Vanquished Creatures
  A white imp (Abyss:1)
1 creature vanquished.

Notes
Turn   | Place    | Note
-------+----------+-------------------------------------------
     0 | Abyss:1  | glosham the Mummy Abyssal Knight began the quest for the
                  | Orb.
     0 | Abyss:1  | Reached XP level 1. HP: 18/18 MP: 2/2
    39 | Abyss:1  | Reached skill level 2 in Axes
    55 | Abyss:2  | Noticed a starcursed mass
    81 | Abyss:2  | Noticed an iron imp
   130 | Abyss:2  | Noticed a small abomination
   130 | Abyss:2  | Noticed a small abomination
   148 | Abyss:2  | Noticed a thrashing horror
   150 | Abyss:2  | Slain by a thrashing horror

Levels and vault maps discovered:
Abyss:2:  minivault_22

Skill      XL: |  1 |
---------------+----+-----
Axes           | 2 |  2.1
Fighting       | |  3.0
Armour         | |  1.5
Dodging        | |  0.7
Invocations    | |  1.5

Action                   || total
-------------------------++-------
Melee: Hand axe          ||     6
  Use: Scroll            ||     2
Armor: Leather armour    ||     1
Dodge: Dodged            ||     3

Table legend:
 A = Turns spent in this place as a percentage of turns spent in the entire game.
 B = Non-inter-level travel turns spent in this place as a percentage of non-inter-level travel turns spent in the entire game.
 C = Inter-level travel turns spent in this place as a percentage of turns spent in this place.
 D = Turns resting spent in this place as a percentage of non-inter-level travel turns spent in this place.
 E = Turns spent auto-exploring this place as a percentage of non-inter-level travel turns spent in this place.
 F = Non-inter-level travel turns spent in this place divided by the number of levels of this place that you've seen.
                   A       B       C       D       E      F
               +-------+-------+-------+-------+-------+----------------------
         Total | 100.0 | 100.0 |   0.0 |   0.0 |   0.0 |  75.0
         Abyss | 100.0 | 100.0 |   0.0 |   0.0 |   0.0 |  75.0
               +-------+-------+-------+-------+-------+----------------------

Table legend:
 A = Kills in this place as a percentage of kills in entire the game.
 B = Kills by you in this place as a percentage of kills by you in the entire game.
 C = Kills by friends in this place as a percentage of kills by friends in the entire game.
 D = Other kills in this place as a percentage of other kills in the entire game.
 E = Experience gained in this place as a percentage of experience gained in the entire game.
 F = Experience gained in this place divided by the number of levels of this place that you have seen.
                   A       B       C       D       E      F
               +-------+-------+-------+-------+-------+----------------------
         Total | 100.0 | 100.0 |   N/A |   N/A | 100.0 |   5.0
         Abyss | 100.0 | 100.0 |   N/A |   N/A | 100.0 |   5.0
               +-------+-------+-------+-------+-------+----------------------

Levels and vault maps discovered:
Abyss:2:  minivault_22
